 Dungeon Crawl Stone Soup version 0.31-a0-1499-ge0622b2318 (webtiles) character file.

Game seed: 11737859800984952279

282 Persephone the Carver (level 6, -2/47 HPs)
             Began as a Merfolk Berserker on Dec 29, 2023.
             Was a Believer of Trog.
             Slain by a sky beast (5 damage)
             ... on level 4 of the Dungeon.
             The game lasted 00:06:41 (3289 turns).

Persephone the Carver (Merfolk Berserker)           Turns: 3289, Time: 00:06:42

Health: -2/47      AC:  7    Str: 18    XL:     6   Next: 28%
Magic:  6/6        EV: 10    Int:  6    God:    Trog [**....]
Gold:   201        SH:  0    Dex: 15    Spells: 5/5 levels left

rFire   . . .        a - +0 falchion
rCold   . . .        (no shield)
rNeg    . . .        i - +0 scale mail
rPois   .            (no helmet)
rElec   .            (no cloak)
rCorr   .            j - +0 pair of gloves
SInv    .            (no boots)
Will    .....        (no amulet) Stlth
                     (no ring)
HPRegen 0.27/turn    (no ring)
MPRegen 0.10/turn

%: no passive effects
@: no status effects
A: (nimble swimmer 2), mertail
a: Renounce Religion, Berserk, Trog's Hand


You were on level 4 of the Dungeon.
You worshipped Trog.
Trog was pleased with you.
You visited 1 branch of the dungeon, and saw 4 of its levels.

You collected 201 gold pieces.

Inventory:

Hand Weapons
 a - a +0 falchion (weapon)
Armour
 i - a +0 scale mail (worn)
 j - a +0 pair of gloves (worn)
Wands
 d - a wand of light (11)
Scrolls
 c - a scroll of teleportation
 h - 2 scrolls of blinking
 o - a scroll of immolation {unknown}
Potions
 b - a potion of cancellation {unknown}
 e - a potion of might {unknown}
 f - a potion of heal wounds {unknown}
 g - a potion of enlightenment {unknown}
 k - a potion of mutation {unknown}
 l - a potion of degeneration {unknown}
 m - a potion of attraction {unknown}
 p - a potion of curing {unknown}


   Skills:
 - Level 3.2 Fighting
 + Level 8.2 Long Blades
 - Level 1.3 Armour
 - Level 2.6 Dodging


You had 5 spell levels left.
You didn't know any spells.
Your spell library was empty.

Dungeon Overview and Level Annotations

Branches:
Dungeon (4/15)
 Temple: D:4-7

Altars:
Hepliaklqana
Xom

Annotations:
D:4 2 runed translucent doors


Innate Abilities, Weirdness & Mutations

((You are very nimble when in or above water. (Stealth+, EV+, Speed+++)))
Your lower body shifts to a powerful aquatic tail in water.


Message History

You barely miss something. Something hits you but does no damage.
You slash something! Something hits you but does no damage.
You miss something.
A sky beast appears from thin air!
Reactivating autopickup.
The sky beast hits you but does no damage.
You hit the sky beast.
The sky beast is heavily wounded.
The sky beast flickers out of sight!
Deactivating autopickup; reactivate with Ctrl-A.
Something hits you. Something shocks you. Something hits you.
Something shocks you. Something hits you. Something shocks you.
* * * LOW HITPOINT WARNING * * *
You miss something. Something hits you but does no damage.
You hit something. Something hits you but does no damage.
You miss something. Something hits you but does no damage.
You closely miss something.
A sky beast appears from thin air!
Reactivating autopickup.
The sky beast hits you but does no damage.
You hit the sky beast but do no damage.
The sky beast is severely wounded.
You hit the sky beast.
The sky beast is severely wounded.
The sky beast hits you but does no damage.
You closely miss the sky beast.
The sky beast is severely wounded.
The sky beast closely misses you.
You closely miss the sky beast.
The sky beast is severely wounded.
The sky beast flickers out of sight!
Deactivating autopickup; reactivate with Ctrl-A.
Something hits you.
* * * LOW HITPOINT WARNING * * *
Something shocks you.
* * * LOW HITPOINT WARNING * * *
You miss something. Something hits you but does no damage. Something hits you.
* * * LOW HITPOINT WARNING * * *
Something shocks you.
You die...

#........# #.... ###
##.....#.###.... ...##
##...##..##.... .....#
##.####.#..... ......#
###....#.....
.......######.......##..#
.....................####
........~########.....##
........@.## ######.##
... ...........# ##.. ..
...........# ##. #..
...).....### ## ..
........## # #.#
....$.### .. ###### .##
).##


There were no monsters in sight!

Vanquished Creatures
  2 hounds (D:4)
  3 iguanas
  4 adders
  3 dart slugs
  2 orcs (D:4)
  6 endoplasms
  3 giant cockroaches
  9 goblins
  5 hobgoblins
  14 jackals
  6 quokkas
  6 ball pythons
  5 bats
  A frilled lizard (D:1)
  4 kobolds
  4 rats
77 creatures vanquished.

Vanquished Creatures (others)
  A scorpion (D:4)
  An orc wizard (D:4)
  A hobgoblin (D:4)
3 creatures vanquished.

Grand Total: 80 creatures vanquished

Notes
Turn   | Place    | Note
-------+----------+-------------------------------------------
     0 | D:1      | Persephone the Merfolk Berserker began the quest for the
                  | Orb.
     0 | D:1      | Reached XP level 1. HP: 18/18 MP: 1/1
    49 | D:1      | Reached skill level 4 in Long Blades
    64 | D:1      | Reached XP level 2. HP: 7/24 MP: 2/2
   403 | D:1      | Reached skill level 5 in Long Blades
   403 | D:1      | Reached XP level 3. HP: 27/29 MP: 3/3
   514 | D:1      | Reached ** piety under Trog
  1313 | D:2      | Reached XP level 4. HP: 34/35 MP: 4/4
  1353 | D:2      | Reached skill level 6 in Long Blades
  2502 | D:3      | Reached XP level 5. HP: 29/41 MP: 5/5
  2784 | D:4      | Found a runed translucent gate.
  2784 | D:4      | Found a runed translucent gate.
  2800 | D:4      | Reached skill level 7 in Long Blades
  2974 | D:4      | Found a shimmering altar of Xom.
  2998 | D:4      | Reached skill level 8 in Long Blades
  2998 | D:4      | Reached XP level 6. HP: 35/47 MP: 6/6
  3121 | D:4      | Found a hazy altar of Hepliaklqana.
  3263 | D:4      | Noticed a sky beast
  3289 | D:4      | Slain by a sky beast

Illustrated notes

Levels and vault maps discovered:
D:1:      heliophobic_arrival_battle_scene, layout_basic, serial_forest,
          infiniplex_forest_clump_small, infiniplex_forest_zigzag_1,
          infiniplex_forest_zigzag_1, infiniplex_forest_lined_1,
          infiniplex_forest_split, infiniplex_forest_lined_ring, st_stairs_5
D:2:      layout_rooms
D:3:      layout_basic
D:4:      layout_cave_pods, nzn_hepliaklqana_mist_gate,
          mainiacjoe_overflow_brackets, xom_confusion_cloud,
          ebering_ghost_rock_garden

Skill      XL: |  1  2  3  4  5 |
---------------+----------------+-----
Long Blades    | 4 5 6 8 |  8.2
Fighting       | |  3.2
Armour         | |  1.3
Dodging        | |  2.6

Action                     |  1- 3 |  4- 6 || total
---------------------------+-------+-------++-------
  Melee: Falchion          |   170 |   175 ||   345
         Punch             |     4 |     1 ||     5
 Invoke: Berserk           |     2 |     1 ||     3
         Trog's Hand       |       |     1 ||     1
    Use: Scroll            |       |     5 ||     5
 Armour: Animal skin       |    24 |       ||    24
         Ring mail         |    86 |       ||    86
         Scale mail        |     1 |   163 ||   164
  Dodge: Dodged            |    97 |   111 ||   208

Table legend: (Time is in decaauts)
 A = Elapsed time spent in this place.
 B = Non-inter-level travel time spent in this place.
 C = Inter-level travel time spent in this place.
 D = Time resting spent in this place.
 E = Time spent auto-exploring this place.
 F = Levels seen in this place.
 G = Mean time per level.
                   A        B        C        D        E       F      G
               +--------+--------+--------+--------+--------+-----+--------+
         Total |   3307 |   3176 |    131 |      0 |   2504 |   4 |  826.8 |
       Dungeon |   3307 |   3176 |    131 |      0 |   2504 |   4 |  826.8 |
               +--------+--------+--------+--------+--------+-----+--------+

Top non-repeatable levels by time:
     D:1: 1235 daAuts
     D:3: 989 daAuts
     D:2: 567 daAuts
     D:4: 515 daAuts
